[Event "Titled Tuesday Blitz April 12 Early 2022"]
[White "Janaszak, Dawid"]
[Black "Secheres, Adrian-Simion"]
[WhiteFideId "1119206"]
[BlackFideId "1217445"]
[WhiteElo "2199"]
[BlackElo "2277"]
[Result "0-1"]
[Round "09"]
[TimeControl "180+1"]
[Date "2022.04.12"]
[WhiteClock "0:00:03"]
[BlackClock "0:00:10"]

1. e4 Nc6 2. Nf3 d6 3. d4 Nf6 4. Nc3 g6 5. Bb5 a6 6. Bxc6+ bxc6 7. O-O Bg7 8. Re1 O-O 9. e5 Nd5 10. Ne4 c5 11. exd6 cxd6 12. dxc5 dxc5 13. Nxc5 Bg4 14. h3 Bxf3 15. Qxf3 Rc8 16. Qa3 Bd4 17. Nb3 Bb6 18. c3 Qc7 19. Qxa6 e5 20. Qe2 Rfe8 21. Qf3 Rcd8 22. Bg5 f6 23. Bh4 Nf4 24. Rad1 Rxd1 25. Rxd1 Qc4 26. Bxf6 Ne2+ 27. Kh1 e4 28. Qg4 Bxf2 29. Qd7 Qf7 30. Qxf7+ Kxf7 31. Bd4 Bh4 32. Rf1+ Ke6 33. Be3 Ng3+ 34. Kg1 Nxf1 35. Kxf1 Kd5 36. Ke2 h5 37. Nd2 Ra8 38. a3 Bf6 39. c4+ Ke5 40. Bc5 Kf5 41. g4+ hxg4 42. hxg4+ Kxg4 43. Nxe4 Bxb2 44. Be3 Bxa3 45. c5 Kf5 46. Nd6+ Ke6 47. Kd3 Bb4 48. Kc4 Ra3 49. Bd4 Ba5 50. Nb5 Ra2 51. c6 Rc2+ 52. Bc3 Bxc3 53. Nxc3 Kd6 54. Kd3 Rc1 55. Ne2 Rxc6 56. Nd4 Ra6 57. Ke4 Ke7 58. Nb3 Kf6 59. Nc5 Rc6 60. Nd7+ Kg5 61. Ne5 Re6 62. Kd5 Rxe5+ 63. Kxe5 Kh4 0-1


[Site "https://www.chess.com"]

[Event "Titled Tuesday Blitz April 12 Early 2022"]
[White "Jaskolka, Tomasz"]
[Black "Zanette, Edgard Vinicius"]
[WhiteFideId "1170791"]
[BlackFideId "2109263"]
[WhiteElo "2073"]
[BlackElo "2182"]
[Result "1-0"]
[Round "09"]
[TimeControl "180+1"]
[Date "2022.04.13"]
[WhiteClock "0:00:12"]
[BlackClock "0:00:14"]

1. d4 Nf6 2. Bf4 e6 3. e3 c5 4. Nf3 d5 5. Nbd2 Bd6 6. Bg3 Qc7 7. c3 Nbd7 8. Bd3 b6 9. Qe2 Bb7 10. O-O-O O-O-O 11. Kb1 Kb8 12. Rc1 Bxg3 13. hxg3 e5 14. dxe5 Nxe5 15. Nxe5 Qxe5 16. Nf3 Qe7 17. Ba6 Ba8 18. Ka1 Rhe8 19. g4 Rh8 20. Ng5 h6 21. Nh3 Ne4 22. Qf3 c4 23. Rcd1 Bc6 24. Rd4 b5 25. Rhd1 Rd7 26. Qf4+ Ka8 27. Bxb5 Bxb5 28. Rxd5 Rxd5 29. Rxd5 Bc6 30. Rd4 Rd8 31. f3 Rxd4 32. cxd4 Nf6 33. e4 Bb7 34. d5 Nxd5 35. Qd2 Nb4 36. a3 Nd3 37. Nf4 Qd6 38. Ne2 Qh2 39. Nc3 Qg1+ 40. Ka2 Nc1+ 41. Kb1 Nb3+ 42. Qd1 Qxd1+ 43. Nxd1 Nd2+ 44. Kc2 Nb3 45. Ne3 Na5 46. Kc3 g6 47. Nxc4 Nxc4 48. Kxc4 Kb8 49. Kd4 Kc7 50. Ke5 Kd7 51. Kf6 Ke8 52. Kg7 h5 53. gxh5 gxh5 54. Kh6 h4 55. Kh5 h3 56. gxh3 Ke7 57. Kg5 f6+ 58. Kg6 Bc8 59. h4 Be6 60. f4 Bg8 61. Kg7 Bc4 62. h5 Bd3 63. h6 Bxe4 64. h7 Bxh7 65. Kxh7 Ke6 66. b4 Kf5 67. a4 Kxf4 68. b5 Ke5 69. a5 f5 70. b6 axb6 71. a6 Kd6 72. a7 1-0


[Site "https://www.chess.com"]

[Event "Titled Tuesday Blitz April 12 Early 2022"]
[White "Kadam, Om Manish"]
[Black "Molina, Roberto Junio Brito"]
[WhiteFideId "45076294"]
[BlackFideId "2109450"]
[WhiteElo "1729"]
[BlackElo "2432"]
[Result "1-0"]
[Round "09"]
[TimeControl "180+1"]
[Date "2022.04.13"]
[WhiteClock "0:01:45"]
[BlackClock "0:01:20"]

1. e4 c6 2. c4 d5 3. exd5 cxd5 4. cxd5 Nf6 5. Nc3 Nxd5 6. Nf3 e6 7. d4 Be7 8. Bd3 O-O 9. O-O Nc6 10. a3 Nf6 11. Re1 b6 12. Ne4 Bb7 13. Be3 Rc8 14. Rc1 Na5 15. Nxf6+ Bxf6 16. b4 Nc6 17. Bb1 Ne7 18. Ne5 Qd5 19. f3 Rfd8 20. Be4 Rxc1 21. Qxc1 Qd6 22. Bxb7 Bxe5 23. dxe5 Qxe5 24. Bxb6 1-0


[Site "https://www.chess.com"]

[Event "Titled Tuesday Blitz April 12 Early 2022"]
[White "Kazakouski, Valery"]
[Black "Maevsky, Nikolay"]
[WhiteFideId "13507443"]
[BlackFideId "4198220"]
[WhiteElo "2524"]
[BlackElo "2126"]
[Result "1-0"]
[Round "09"]
[TimeControl "180+1"]
[Date "2022.04.12"]
[WhiteClock "0:00:17"]
[BlackClock "0:00:05"]

1. d4 d5 2. c4 Nc6 3. Nc3 dxc4 4. Nf3 Nf6 5. Bg5 Nd5 6. e4 Nxc3 7. bxc3 Na5 8. Ne5 c6 9. Nxc4 g6 10. h4 h6 11. Be3 h5 12. Be2 Bg7 13. O-O Nxc4 14. Bxc4 O-O 15. f4 b5 16. Be2 e6 17. g3 a6 18. a4 Bd7 19. Qb3 Re8 20. Rfb1 Qb6 21. Kf2 Qc7 22. e5 Bf8 23. c4 bxc4 24. Qb6 Qxb6 25. Rxb6 c3 26. Rxa6 Rxa6 27. Bxa6 Ra8 28. Bd3 c5 29. a5 cxd4 30. Bxd4 Bb4 31. a6 Bc6 32. Rc1 Rd8 33. Ke3 Ba4 34. Be4 c2 35. a7 Rc8 36. a8=Q Rxa8 37. Bxa8 Ba3 38. Kd2 Bxc1+ 39. Kxc1 Bb5 40. Kxc2 Ba4+ 41. Kc3 Bb5 42. Kb4 Bd3 43. Kc5 Kf8 44. Kd6 Bc4 45. Bc6 Kg7 46. Ke7 Bb3 47. Be8 Bd5 48. Bxf7 Be4 49. Bxe6 Kh7 50. Kf6 Bf5 51. Bxf5 gxf5 52. Kxf5 Kh6 53. Kf6 Kh7 54. Kg5 Kg8 55. Kxh5 Kh7 56. Kg5 Kg8 57. Kf6 Kh7 58. e6 Kg8 59. e7 Kh7 60. e8=Q Kh6 61. Qg6# 1-0


[Site "https://www.chess.com"]

[Event "Titled Tuesday Blitz April 12 Early 2022"]
[White "Kobalia, Mikhail"]
[Black "Khripachenko, Alexander"]
[WhiteFideId "4119150"]
[BlackFideId "54184975"]
[WhiteElo "2667"]
[BlackElo "2193"]
[Result "1-0"]
[Round "09"]
[TimeControl "180+1"]
[Date "2022.04.12"]
[WhiteClock "0:02:08"]
[BlackClock "0:00:55"]

1. e4 c5 2. Nf3 d6 3. d4 cxd4 4. Nxd4 Nf6 5. Nc3 a6 6. Be3 e6 7. f3 b5 8. g4 Bb7 9. g5 Nfd7 10. a3 Nb6 11. h4 N8d7 12. Qe2 Qc7 13. O-O-O Rc8 14. Qe1 Nc4 15. Bxc4 Qxc4 16. h5 Be7 17. g6 Bf6 18. gxf7+ Kxf7 19. Kb1 b4 20. axb4 Qxb4 21. h6 g6 22. Ncb5 Qc5 23. b4 1-0


[Site "https://www.chess.com"]

[Event "Titled Tuesday Blitz April 12 Early 2022"]
[White "Korchmar, Vasiliy"]
[Black "Maksimenko, Viktor"]
[WhiteFideId "24131750"]
[BlackFideId "13710478"]
[WhiteElo "2370"]
[BlackElo "2269"]
[Result "0-1"]
[Round "09"]
[TimeControl "180+1"]
[Date "2022.04.12"]
[WhiteClock "0:01:29"]
[BlackClock "0:01:58"]

1. d4 Nf6 2. Bf4 d5 3. e3 c5 4. Nf3 cxd4 5. exd4 Nc6 6. Nbd2 Bg4 7. c3 e6 8. Qb3 Qc8 9. Bd3 Be7 10. O-O O-O 11. Rae1 Bh5 12. Qc2 Bg6 13. Bxg6 hxg6 14. Qd3 Rd8 15. Ng5 Nh5 16. Qh3 Bf6 17. Ndf3 Nxf4 18. Qh7+ Kf8 19. g3 Ke7 20. gxf4 Rh8 21. Rxe6+ Qxe6 22. Nxe6 Rxh7 23. Nc7 Rd8 24. Re1+ Kf8 25. Ne5 Bxe5 26. fxe5 a6 27. e6 Rh5 28. f4 Rc8 0-1


[Site "https://www.chess.com"]

[Event "Titled Tuesday Blitz April 12 Early 2022"]
[White "Kostina, Nadezhda"]
[Black "Calin, Alexandru"]
[WhiteFideId "4195876"]
[BlackFideId "1222961"]
[WhiteElo "1982"]
[BlackElo "2020"]
[Result "1-0"]
[Round "09"]
[TimeControl "180+1"]
[Date "2022.04.13"]
[WhiteClock "0:00:18"]
[BlackClock "0:00:39"]

1. e4 d6 2. d4 Nf6 3. Nc3 Nbd7 4. Nf3 e5 5. Bc4 Be7 6. h3 O-O 7. O-O c6 8. Re1 b5 9. Bb3 a5 10. d5 Bb7 11. dxc6 Bxc6 12. a4 b4 13. Nd5 Nc5 14. Nxe7+ Qxe7 15. Bg5 h6 16. Bh4 Nxb3 17. cxb3 g5 18. Nxg5 hxg5 19. Bxg5 Qe6 20. Re3 Nxe4 21. Bh4 f5 22. Rc1 Rac8 23. Rd3 Qh6 24. Be7 Rf7 25. Bxd6 Rg7 26. Bxe5 Rxg2+ 27. Kxg2 Nc3+ 28. Kh2 Nxd1 29. Rdxd1 Qe6 30. f4 Kf7 31. Rd6 Qe8 32. Rg1 Be4 33. Rf6+ Ke7 34. Rg7+ Kd8 35. Rd6+ Qd7 36. Rdxd7+ Ke8 37. Rge7+ Kf8 38. Bg7+ Kg8 39. Bh6 Rc2+ 40. Kg1 Rc8 41. Rg7+ Kh8 42. Rh7+ 1-0


[Site "https://www.chess.com"]

[Event "Titled Tuesday Blitz April 12 Early 2022"]
[White "Kouskoutis, Georgios-Alexandros"]
[Black "Lopez, Henry"]
[WhiteFideId "4234049"]
[BlackFideId "5203830"]
[WhiteElo "2130"]
[BlackElo "2177"]
[Result "1-0"]
[Round "09"]
[TimeControl "180+1"]
[Date "2022.04.13"]
[WhiteClock "0:00:04"]
[BlackClock "0:00:01"]

1. c4 Nf6 2. g3 g6 3. Bg2 Bg7 4. Nc3 O-O 5. e4 d6 6. Nge2 c5 7. O-O Nc6 8. Rb1 Ne8 9. a3 a5 10. d3 Nc7 11. Be3 Ne6 12. Nb5 Ned4 13. Nexd4 cxd4 14. Bd2 a4 15. b3 axb3 16. Qxb3 Kh8 17. h3 f5 18. exf5 gxf5 19. f4 e5 20. Kh2 Bf6 21. Bb4 exf4 22. gxf4 Nxb4 23. Qxb4 Ra6 24. Bd5 Bg7 25. Rbe1 Qh4 26. Nxd6 Bh6 27. Nf7+ Rxf7 28. Re8+ Kg7 29. Bxf7 Bxf4+ 30. Rxf4 Qxf4+ 31. Kg2 Qg5+ 32. Kf3 Kxf7 33. Qf8+ Kg6 34. Qg8+ Kh5 35. Qxg5+ Kxg5 36. Rxc8 Rxa3 37. Ke2 Kf4 38. Re8 Ra2+ 39. Kd1 1-0


[Site "https://www.chess.com"]

[Event "Titled Tuesday Blitz April 12 Early 2022"]
[White "Kozak, Antoni"]
[Black "Martinez Alcantara, Jose Eduardo"]
[WhiteFideId "21832030"]
[BlackFideId "3805662"]
[WhiteElo "2236"]
[BlackElo "2690"]
[Result "0-1"]
[Round "09"]
[TimeControl "180+1"]
[Date "2022.04.12"]
[WhiteClock "0:00:09"]
[BlackClock "0:01:42"]

1. Nf3 c5 2. c4 Nc6 3. Nc3 g6 4. g3 Bg7 5. Bg2 d6 6. O-O e6 7. b3 Nge7 8. Bb2 O-O 9. e3 b6 10. d4 Bb7 11. d5 exd5 12. cxd5 Nb4 13. e4 Ba6 14. a3 Nd3 15. Qe2 Nxb2 16. Qxb2 Bxf1 17. Bxf1 b5 18. b4 Rc8 19. Rc1 cxb4 20. Qxb4 a5 21. Qb3 Qb6 22. Na4 Qa7 23. Rxc8 Nxc8 24. Bxb5 Nb6 25. Nb2 Rb8 26. a4 Bxb2 27. Qxb2 Nxa4 28. Qc2 Nc5 29. Bc6 a4 30. e5 a3 31. e6 a2 32. exf7+ Kf8 33. Kg2 a1=Q 34. Ng5 Qxf7 35. Nxf7 Kxf7 36. Qe2 Qe5 37. Qf3+ Kg7 38. h4 Qe4 0-1


[Site "https://www.chess.com"]

[Event "Titled Tuesday Blitz April 12 Early 2022"]
[White "Kukhmazov, Arsen"]
[Black "Kakulidis, Ellen"]
[WhiteFideId "24108260"]
[BlackFideId "1444972"]
[WhiteElo "2310"]
[BlackElo "1852"]
[Result "1-0"]
[Round "09"]
[TimeControl "180+1"]
[Date "2022.04.13"]
[WhiteClock "0:00:53"]
[BlackClock "0:00:02"]

1. Nf3 d5 2. c4 e6 3. d4 Nf6 4. e3 Bb4+ 5. Bd2 Bxd2+ 6. Nbxd2 O-O 7. Bd3 b6 8. O-O Bb7 9. Qc2 Nbd7 10. Rfd1 h6 11. Rac1 Rc8 12. c5 c6 13. b4 Qe7 14. e4 e5 15. dxe5 Nxe5 16. Nxe5 Qxe5 17. Nf3 Qe7 18. e5 Nd7 19. Re1 Rfe8 20. Nd4 bxc5 21. bxc5 Nf8 22. Nf5 Qg5 23. Nd6 Rb8 24. Nxe8 Rxe8 25. Qb2 Bc8 26. g3 Be6 27. f4 Qh5 28. Qf2 Bh3 29. f5 Nd7 30. Qf4 Bg4 31. a4 a5 32. Re3 Qh3 33. Be2 Bxe2 34. Rxe2 Rb8 35. e6 Nf6 36. Qxb8+ Kh7 37. exf7 Ne4 38. Qg8# 1-0


[Site "https://www.chess.com"]

[Event "Titled Tuesday Blitz April 12 Early 2022"]
[White "Lach, Aleksandra"]
[Black "Demchenko, Anton"]
[WhiteFideId "1134299"]
[BlackFideId "4160258"]
[WhiteElo "2172"]
[BlackElo "2539"]
[Result "0-1"]
[Round "09"]
[TimeControl "180+1"]
[Date "2022.04.13"]
[WhiteClock "0:00:07"]
[BlackClock "0:01:31"]

1. e4 e5 2. Nc3 Nf6 3. d4 exd4 4. Qxd4 Nc6 5. Qd3 Be7 6. Nf3 O-O 7. Be2 d6 8. O-O Ne5 9. Nxe5 dxe5 10. Bg5 Qxd3 11. Bxd3 c6 12. h3 Be6 13. f4 exf4 14. Bxf4 Rad8 15. Rf3 Nd7 16. Bc7 Rc8 17. Bg3 Bf6 18. Nd1 Rfe8 19. c3 Ne5 20. Bxe5 Bxe5 21. Nf2 h5 22. g3 Rcd8 23. Kg2 Rd7 24. Re1 Red8 25. Rfe3 b5 26. Rc1 Bxa2 27. c4 b4 28. Re2 Rxd3 29. Nxd3 Rxd3 30. b3 Bxb3 31. Ra1 Bxa1 0-1


[Site "https://www.chess.com"]

[Event "Titled Tuesday Blitz April 12 Early 2022"]
[White "Lauridsen, Jesper Morch"]
[Black "Ianov, Viktor"]
[WhiteFideId "1401890"]
[BlackFideId "14102730"]
[WhiteElo "2320"]
[BlackElo "2161"]
[Result "0-1"]
[Round "09"]
[TimeControl "180+1"]
[Date "2022.04.13"]
[WhiteClock "0:00:23"]
[BlackClock "0:01:52"]

1. e4 d6 2. d4 Nf6 3. Nc3 c6 4. Nge2 Nbd7 5. g3 e5 6. Bg2 Be7 7. O-O O-O 8. h3 h5 9. f4 b5 10. a3 a5 11. Be3 Bb7 12. fxe5 dxe5 13. d5 Qc7 14. dxc6 Bxc6 15. Nd5 Bxd5 16. exd5 Bc5 17. Bxc5 Qxc5+ 18. Kh2 Rac8 19. c3 b4 20. axb4 axb4 21. Ra4 bxc3 22. Nxc3 Rb8 23. Qe2 Rb4 24. Ra6 Rfb8 25. Ne4 Nxe4 26. Qxh5 Nef6 27. Rfxf6 Nxf6 28. Rxf6 gxf6 29. Qh6 Qd6 0-1


[Site "https://www.chess.com"]

[Event "Titled Tuesday Blitz April 12 Early 2022"]
[White "Legenia, Artem"]
[Black "Tuleyeva-Aketayeva, Dana"]
[WhiteFideId "14136945"]
[BlackFideId "13701932"]
[WhiteElo "1936"]
[BlackElo "1875"]
[Result "0-1"]
[Round "09"]
[TimeControl "180+1"]
[Date "2022.04.13"]
[WhiteClock "0:01:29"]
[BlackClock "0:00:34"]

1. c4 c5 2. b3 Nf6 3. Bb2 g6 4. Nf3 Bg7 5. e3 O-O 6. Be2 Nc6 7. O-O b6 8. a3 Bb7 9. d3 d5 10. cxd5 Nxd5 11. Bxg7 Kxg7 12. Qc2 Kg8 13. Nbd2 Ba6 14. Rfe1 Nf6 15. b4 Qd6 16. bxc5 bxc5 17. Rac1 Nd7 18. d4 Bxe2 19. Rxe2 Rac8 20. Ne4 Qd5 21. Nxc5 Nxc5 22. Qxc5 Qxc5 23. Rxc5 Nb8 24. Rec2 Rxc5 25. Rxc5 a6 26. Rc7 Re8 27. Ne5 f6 28. Nc4 Kf8 29. Nb6 Rd8 30. a4 Ke8 31. d5 Nd7 32. Rxd7 Rxd7 33. Nxd7 Kxd7 34. e4 Kd6 35. f3 Kc5 36. Kf2 Kb4 37. f4 Kxa4 38. g4 Kb4 39. Ke3 a5 40. g5 fxg5 41. fxg5 a4 42. e5 Kc5 0-1


[Site "https://www.chess.com"]

[Event "Titled Tuesday Blitz April 12 Early 2022"]
[White "Lianes Garcia, Marcos"]
[Black "Jobava, Baadur"]
[WhiteFideId "32060777"]
[BlackFideId "13601520"]
[WhiteElo "2310"]
[BlackElo "2617"]
[Result "0-1"]
[Round "09"]
[TimeControl "180+1"]
[Date "2022.04.12"]
[WhiteClock "0:00:03"]
[BlackClock "0:00:09"]

1. e4 e6 2. d4 d5 3. exd5 exd5 4. Nf3 Nf6 5. Bd3 Bd6 6. O-O O-O 7. c3 h6 8. h3 Re8 9. Re1 Nc6 10. Nbd2 Rxe1+ 11. Qxe1 Ne7 12. Nf1 Bf5 13. Qe2 Qd7 14. Be3 Re8 15. Re1 Ng6 16. Qc2 Ne4 17. N3h2 Nh4 18. f3 Nxg2 19. Qxg2 Bxh3 20. Qc2 Ng5 21. Qf2 Bxf1 22. Bxf1 Nh3+ 23. Bxh3 Qxh3 24. Bd2 Rxe1+ 25. Bxe1 Bxh2+ 26. Qxh2 Qxf3 27. Qxc7 g5 28. Qxb7 h5 29. Qb8+ Kh7 30. Qg3 Qe4 31. Qe5 Qg4+ 32. Kf2 h4 33. Bd2 Kg6 34. Qxd5 Qg3+ 35. Ke2 Qh2+ 36. Kd3 Qh3+ 37. Be3 f6 38. Qg8+ Kh5 39. Qh7+ Kg4 40. d5 Qf1+ 41. Kd4 Qa6 42. Qe4+ Kg3 43. Qf5 Qe2 44. d6 h3 45. Qxf6 g4 46. Qf4+ Kg2 47. Qe4+ Kh2 48. d7 Qd1+ 49. Qd3 Qa4+ 50. Qc4 Qxd7+ 51. Ke4 Qb7+ 52. Kf5 Qf3+ 53. Bf4+ g3 54. Qc7 Kg2 55. Qd6 h2 56. Qd2+ Kh3 57. Qd8 h1=Q 58. Qh8+ Kg2 59. Qxh1+ Kxh1 60. c4 g2 0-1


[Site "https://www.chess.com"]

[Event "Titled Tuesday Blitz April 12 Early 2022"]
[White "Ljukin, Sergei"]
[Black "Bas Mas, Jose Joaquin"]
[WhiteFideId "14102200"]
[BlackFideId "22219064"]
[WhiteElo "2312"]
[BlackElo "2212"]
[Result "1-0"]
[Round "09"]
[TimeControl "180+1"]
[Date "2022.04.13"]
[WhiteClock "0:00:02"]
[BlackClock "0:00:01"]

1. e4 e6 2. d4 d5 3. Nc3 Nf6 4. Bg5 Be7 5. e5 Nfd7 6. h4 h6 7. Bxe7 Qxe7 8. Nb5 Nb6 9. c3 a6 10. Na3 Bd7 11. Nf3 Nc6 12. Bd3 Na7 13. Rh3 Nb5 14. Nc2 Na4 15. Rb1 Nbxc3 16. bxc3 Nxc3 17. Qc1 Nxb1 18. Qxb1 Bb5 19. Bxb5+ axb5 20. Qxb5+ c6 21. Qb3 O-O 22. g4 f6 23. exf6 Qxf6 24. g5 Qf5 25. Rg3 Qe4+ 26. Kf1 h5 27. Ne5 Qxh4 28. g6 Qh1+ 29. Ke2 Qe4+ 30. Re3 Qf4 31. Rf3 Qc1 32. Rf7 b5 33. Ne3 Ra3 34. Qb4 Rxa2+ 35. Kf3 Qh1+ 36. Kg3 h4+ 37. Kg4 Qe4+ 38. Kh5 1-0


[Site "https://www.chess.com"]

[Event "Titled Tuesday Blitz April 12 Early 2022"]
[White "Madaminov, Mukhiddin"]
[Black "Hansen, Eric"]
[WhiteFideId "14210703"]
[BlackFideId "2606771"]
[WhiteElo "1916"]
[BlackElo "2568"]
[Result "1-0"]
[Round "09"]
[TimeControl "180+1"]
[Date "2022.04.12"]
[WhiteClock "0:01:09"]
[BlackClock "0:00:01"]

1. d4 Nf6 2. Nc3 d5 3. Bf4 a6 4. e3 c5 5. dxc5 e6 6. Na4 Bxc5 7. Nxc5 Qa5+ 8. c3 Qxc5 9. Nf3 Nc6 10. Bd3 Qe7 11. Ne5 Nd7 12. Nxc6 bxc6 13. O-O e5 14. Bg3 h5 15. h3 h4 16. Bh2 Nc5 17. Be2 a5 18. c4 dxc4 19. Bxc4 O-O 20. Rc1 Bf5 21. Qh5 Qf6 22. Bxf7+ Rxf7 23. Rxc5 Re8 24. Qf3 e4 25. Qh5 Re6 26. Bf4 Bg6 27. Qg4 Bf5 28. Qh5 Bg6 29. Qe2 Bf5 30. Rfc1 Qg6 31. Kh2 a4 32. Rd1 Ref6 33. Rd8+ Kh7 34. Ra5 Re6 35. Raa8 Qf6 36. Qh5+ 1-0


[Site "https://www.chess.com"]

[Event "Titled Tuesday Blitz April 12 Early 2022"]
[White "Maltsevskaya, Aleksandra"]
[Black "Gharibyan, Mamikon"]
[WhiteFideId "24174041"]
[BlackFideId "13308300"]
[WhiteElo "2640"]
[BlackElo "2818"]
[Result "1-0"]
[Round "09"]
[TimeControl "180+1"]
[Date "2022.04.13"]
[WhiteClock "0:00:24"]
[BlackClock "0:00:37"]

1. e4 e5 2. Nf3 Nc6 3. Bb5 a6 4. Ba4 Nf6 5. O-O Bc5 6. c3 O-O 7. d4 Ba7 8. Qd3 d5 9. Nbd2 dxe4 10. Nxe4 Bf5 11. Bxc6 bxc6 12. Nxf6+ Qxf6 13. Qc4 exd4 14. cxd4 Be4 15. Ne5 Rad8 16. Be3 c5 17. Rad1 cxd4 18. Bxd4 Qg5 19. g3 Bd5 20. Qxc7 Bb8 21. Qc3 Ba8 22. Rfe1 Rfe8 23. Nc6 Qd5 24. Rxe8+ Rxe8 25. Ne7+ 1-0


[Site "https://www.chess.com"]

[Event "Titled Tuesday Blitz April 12 Early 2022"]
[White "Marcziter, Dmitrii"]
[Black "Noboa Silva, Kevin"]
[WhiteFideId "13900765"]
[BlackFideId "3618471"]
[WhiteElo "2155"]
[BlackElo "2172"]
[Result "1-0"]
[Round "09"]
[TimeControl "180+1"]
[Date "2022.04.13"]
[WhiteClock "0:01:45"]
[BlackClock "0:00:41"]

1. d4 Nf6 2. c4 g6 3. Nf3 Bg7 4. g3 O-O 5. Bg2 d5 6. cxd5 Nxd5 7. O-O Nc6 8. e3 a5 9. Nc3 Nxc3 10. bxc3 a4 11. Ba3 Re8 12. e4 e5 13. d5 Na5 14. Nd2 b6 15. Re1 Ba6 16. Bf1 Bxf1 17. Rxf1 Nb7 18. c4 Bf8 19. Bxf8 Kxf8 20. f4 exf4 21. Rxf4 Nc5 22. Qf3 Re7 23. Rf1 Qe8 24. e5 Kg8 25. Ne4 Nxe4 26. Rxe4 Rxe5 27. Rxe5 Qxe5 28. Qxf7+ Kh8 29. Qf6+ Qxf6 30. Rxf6 Re8 31. Kf2 Re5 32. Rc6 b5 33. Rxc7 bxc4 34. d6 c3 35. d7 Rf5+ 36. Ke3 Rf8 37. Rc8 c2 38. Kd2 Kg7 39. Rxf8 c1=Q+ 40. Kxc1 1-0


[Site "https://www.chess.com"]

[Event "Titled Tuesday Blitz April 12 Early 2022"]
[White "Martic, Ivan"]
[Black "Almeida Junior, Alvaro Alves de"]
[WhiteFideId "929301"]
[BlackFideId "2149974"]
[WhiteElo "2317"]
[BlackElo "2086"]
[Result "1-0"]
[Round "09"]
[TimeControl "180+1"]
[Date "2022.04.13"]
[WhiteClock "0:01:08"]
[BlackClock "0:00:01"]

1. d4 Nf6 2. Nf3 d5 3. Bf4 c5 4. e3 Nc6 5. dxc5 Qa5+ 6. Nc3 Qxc5 7. Bb5 e6 8. O-O Be7 9. Nd4 Bd7 10. a3 O-O 11. Na4 Nxd4 12. Nxc5 Bxb5 13. exd4 Bxf1 14. Kxf1 b6 15. Nb3 Rac8 16. c3 h6 17. Kg1 g5 18. Be5 Nd7 19. Bg3 f5 20. f3 a5 21. a4 f4 22. Bf2 Bf6 23. Nc1 Rfe8 24. Nd3 Bg7 25. Qb3 Rc6 26. Re1 Kh8 27. h3 Bf6 28. Re2 Kg7 29. Ne5 Nxe5 30. dxe5 Be7 31. Bd4 Rb8 32. Qb5 Rc7 33. h4 gxh4 34. Kh2 Bg5 35. Qd3 Rc4 36. b3 Rc6 37. Rc2 Rbc8 38. Qa6 Be7 39. Qb5 Kf7 40. Qd3 Kg7 41. c4 dxc4 42. Rxc4 Rxc4 43. bxc4 Rd8 44. Qe4 Bg5 45. Kh3 Rg8 46. Bxb6 Be7 47. Qb7 Kf7 48. Bc5 1-0


[Site "https://www.chess.com"]

[Event "Titled Tuesday Blitz April 12 Early 2022"]
[White "Matlakov, Maxim"]
[Black "Caruana, Fabiano"]
[WhiteFideId "4168003"]
[BlackFideId "2020009"]
[WhiteElo "2669"]
[BlackElo "2744"]
[Result "1-0"]
[Round "09"]
[TimeControl "180+1"]
[Date "2022.04.12"]
[WhiteClock "0:00:28"]
[BlackClock "0:00:05"]

1. e4 c5 2. Nf3 e6 3. c3 Nf6 4. e5 Nd5 5. d4 cxd4 6. cxd4 d6 7. Bc4 Be7 8. O-O O-O 9. Qe2 b6 10. Rd1 Bb7 11. Bxd5 exd5 12. Nc3 Na6 13. Nb5 dxe5 14. dxe5 Nc7 15. Nxc7 Qxc7 16. Nd4 Rfe8 17. Bf4 Qd7 18. Qd3 g6 19. h3 Rac8 20. Bh6 Bf8 21. Bxf8 Rxf8 22. Re1 Rfe8 23. Rad1 Qa4 24. a3 Rc7 25. f4 Bc8 26. Kh2 Be6 27. Rd2 Rec8 28. g4 Rc1 29. Rxc1 Rxc1 30. f5 Bc8 31. Rf2 Rd1 32. Rd2 Re1 33. Qc3 Ba6 34. e6 Qe8 35. Rf2 Qb8+ 36. Kg2 Qe5 37. exf7+ Kf8 38. fxg6 Qe4+ 39. Nf3 1-0


[Site "https://www.chess.com"]

[Event "Titled Tuesday Blitz April 12 Early 2022"]
[White "Mickiewicz, Piotr"]
[Black "Araujo Filho, Luiz Antonio Coel"]
[WhiteFideId "1114891"]
[BlackFideId "2130661"]
[WhiteElo "2266"]
[BlackElo "2322"]
[Result "0-1"]
[Round "09"]
[TimeControl "180+1"]
[Date "2022.04.13"]
[WhiteClock "0:00:38"]
[BlackClock "0:00:12"]

1. Nf3 f5 2. g3 Nf6 3. b3 g6 4. Bb2 Bg7 5. Bg2 O-O 6. O-O d6 7. c4 e5 8. d3 c6 9. Nbd2 Qe7 10. e4 f4 11. Qc2 Nbd7 12. Rfe1 fxg3 13. hxg3 Ng4 14. b4 Ndf6 15. d4 Nh5 16. c5 exd4 17. cxd6 Qxd6 18. e5 Qxb4 19. Bxd4 Bf5 20. Qb3+ Qxb3 21. axb3 a6 22. Nc4 Be6 23. Na5 Rab8 24. Ng5 Bd5 25. Bxd5+ cxd5 26. Ne6 Rf7 27. Nxg7 Nxg7 28. Rac1 Ne6 29. Bb6 d4 30. Nc4 Nxf2 31. Nd6 Rf3 32. Kg2 Rxb3 33. Bc7 Rf8 34. Ne4 Nd3 35. Nf6+ Rxf6 36. exf6 Nxe1+ 37. Rxe1 Kf7 38. Be5 Re3 39. Rxe3 dxe3 40. Kf3 Nf8 41. Kxe3 Nd7 42. Bc3 Nxf6 43. Kd4 Ke6 44. Bd2 Nd7 45. Bf4 b5 46. Bc7 Nf6 47. Kc5 Nd7+ 48. Kc6 b4 49. Ba5 b3 50. Bc3 Nf6 51. Bb2 Ne4 52. g4 Nd2 53. Kc5 Ne4+ 54. Kd4 Nf2 55. g5 Nh3 56. Kc4 Nxg5 57. Kxb3 Kf5 58. Kc4 Ne4 59. Kb4 g5 60. Ka5 g4 61. Bd4 g3 62. Kxa6 Kg4 63. Kb5 Kf3 64. Kc4 Nf2 65. Be5 g2 66. Bh2 h5 67. Kd4 h4 68. Ke5 h3 69. Kf5 Ng4 70. Bg1 h2 71. Bd4 g1=Q 72. Ke6 Qxd4 0-1


[Site "https://www.chess.com"]

[Event "Titled Tuesday Blitz April 12 Early 2022"]
[White "Migot, Tangi"]
[Black "Namitbir Singh Walia"]
[WhiteFideId "662445"]
[BlackFideId "35071068"]
[WhiteElo "2528"]
[BlackElo "1565"]
[Result "1-0"]
[Round "09"]
[TimeControl "180+1"]
[Date "2022.04.13"]
[WhiteClock "0:01:19"]
[BlackClock "0:00:04"]

1. Nf3 d5 2. c4 dxc4 3. g3 b6 4. Na3 Bb7 5. Bg2 Nf6 6. Nxc4 Nbd7 7. O-O e6 8. b3 Be7 9. a4 O-O 10. Bb2 c5 11. a5 b5 12. a6 Bxf3 13. Bxf3 bxc4 14. Bxa8 Qxa8 15. bxc4 h6 16. d3 Rb8 17. Bc3 Qc6 18. Ra2 Rb6 19. Qa1 Rb3 20. Rb1 Qb6 21. Rab2 Rxb2 22. Rxb2 Qc6 23. Rb7 h5 24. h4 Bd6 25. Rxa7 Ng4 26. Rxd7 Qxd7 27. a7 e5 28. a8=Q+ Kh7 29. Qe4+ f5 30. Qd5 Qe7 31. Qa6 Bc7 32. Qde6 Qf8 33. Qac8 1-0


[Site "https://www.chess.com"]

[Event "Titled Tuesday Blitz April 12 Early 2022"]
[White "Mikhailov, Viacheslav"]
[Black "Lazavik, Denis"]
[WhiteFideId "4187369"]
[BlackFideId "13515110"]
[WhiteElo "2381"]
[BlackElo "2437"]
[Result "1/2-1/2"]
[Round "09"]
[TimeControl "180+1"]
[Date "2022.04.12"]
[WhiteClock "0:00:05"]
[BlackClock "0:00:20"]

1. Nf3 d5 2. g3 Nf6 3. Bg2 c6 4. O-O Bf5 5. c4 e6 6. d4 h6 7. Nc3 Nbd7 8. Bf4 Be7 9. Qb3 Qb6 10. c5 Qa6 11. Rfe1 b6 12. cxb6 axb6 13. Ne5 Nxe5 14. Bxe5 O-O 15. e4 dxe4 16. Nxe4 Nd5 17. Rec1 Rfc8 18. Nd6 Bxd6 19. Bxd6 Qa4 20. Qxa4 Rxa4 21. Rd1 Rd8 22. Ba3 Nc3 23. bxc3 Rxa3 24. c4 Ra4 25. d5 cxd5 26. cxd5 Rd6 27. Rd2 g5 28. Rc1 Ra7 29. Rc6 Rad7 30. Rxd6 Rxd6 31. f4 gxf4 32. gxf4 exd5 33. Rxd5 Rf6 34. a3 Be6 35. Rd4 Rf5 36. Bh3 Ra5 37. Bxe6 fxe6 38. a4 Kf7 39. Rb4 Kf6 40. Kg2 Ra7 41. Kg3 h5 42. Kh4 Ra5 43. h3 Kf7 44. Rxb6 Rxa4 45. Kxh5 Rxf4 46. Kg5 Rf5+ 47. Kg4 Kf6 48. Rb8 Rg5+ 49. Kf4 Rf5+ 50. Kg4 Ra5 51. Rf8+ Kg6 52. h4 Ra4+ 53. Rf4 Rxf4+ 54. Kxf4 Kh5 55. Ke5 Kxh4 56. Kxe6 1/2-1/2


[Site "https://www.chess.com"]